 Dungeon Crawl Stone Soup version 0.30.1-11-g7821555f0a (webtiles) character file.

Game seed: 17986759420316231893

18 RancidPinata the Sneak (level 2, -1/21 HPs)
             Began as an Octopode Delver on Dec 29, 2023.
             Slain by a scorpion (5 damage)
             ... on level 4 of the Dungeon.
             The game lasted 00:04:07 (499 turns).

RancidPinata the Sneak (Octopode Delver)             Turns: 499, Time: 00:04:08

Health: -1/21      AC:  1    Str: 11    XL:     2   Next: 66%
Magic:  2/2        EV: 13    Int: 12    God:
Gold:   13         SH:  0    Dex: 13    Spells: 1/1 levels left

rFire   . . .        a - +0 short sword
rCold   . . .        (no shield)
rNeg    . . .        (helmet restricted)
rPois   .            (no amulet)
rElec   .            (no ring)
rCorr   .            (no ring)
SInv    .            (no ring)
Will    .....        (no ring)
Stlth   ++++         (no ring)
HPRegen 0.23/turn    (no ring)
MPRegen 0.08/turn    (no ring)
                     (no ring)

%: no passive effects
@: no status effects
A: almost no armour, amphibious, 8 rings, camouflage 1, gelatinous body 1,
(nimble swimmer 1), tentacles
a: no special abilities


You were on level 4 of the Dungeon.
You visited 2 branches of the dungeon, and saw 5 of its levels.

You collected 13 gold pieces.

Inventory:

Hand Weapons
 a - a +0 short sword (weapon)
Wands
 f - a wand of digging (8)
 g - a wand of roots (6)
 h - a wand of acid (5)
Scrolls
 b - a scroll of fog
 c - a scroll of magic mapping
 d - a scroll of fear
Potions
 e - a potion of haste
 i - a potion of might {unknown}


   Skills:
 * Level 3.2 Fighting
 + Level 2.2 Short Blades
 * Level 2.3 Dodging
 + Level 6.8 Stealth


You had one spell level left.
You didn't know any spells.
Your spell library was empty.

Dungeon Overview and Level Annotations

Branches:
Dungeon (7/15)             Temple (1/1) D:5

Altars:
Dithmenos
Elyvilon
Fedhas
Kikubaaqudgha
Okawaru
Sif Muna
Uskayaw
Yredelemnul


Innate Abilities, Weirdness & Mutations

You cannot wear most types of armour.
You are amphibious.
You can wear up to eight rings at the same time.
Your skin changes colour to match your surroundings (Stealth+).
Your rubbery body absorbs attacks. (AC +1, EV +1)
((You are camouflaged when in or above water. (Stealth+)))
You have tentacles for arms and can constrict up to eight enemies at once.


Message History

A sleepcap comes into view.
A phantom comes into view.
Found 4 gold pieces.
An ice beast comes into view.
Found 15 gold pieces.
Found a stone staircase leading up.
You see here 4 gold pieces.
You now have 13 gold pieces (gained 4).
There is a stone staircase leading up here.
There is a stone staircase leading up here.
You climb upwards.
There is a stone staircase leading down here.
An orc comes into view. It is wielding a +0 whip.
There is a stone staircase leading down here.
A kobold comes into view. It is wielding a +0 club.
A scorpion comes into view.
There is a stone staircase leading down here.
A scorpion comes into view.
The scorpion moves out of view.
The scorpion stings you.
You closely miss the scorpion. Your grab misses the scorpion.
The orc shouts!
The scorpion stings you!
You closely miss the scorpion. You grab the scorpion.
Your squeeze misses the scorpion. You constrict the scorpion.
The scorpion stings you.
* * * LOW HITPOINT WARNING * * *
You hit the scorpion but do no damage. You squeeze the scorpion.
The scorpion is moderately wounded.
You constrict the scorpion.
The scorpion stings you but does no damage.
You hit the scorpion but do no damage.
You squeeze the scorpion, but do no damage.
The scorpion is heavily wounded.
You constrict the scorpion, but do no damage.
The scorpion stings you.
* * * LOW HITPOINT WARNING * * *
You hit the scorpion but do no damage.
The scorpion is heavily wounded.
You constrict the scorpion. The scorpion stings you.
You die...

#. #. #.###
#.#.##
####....###
.........
#.s..# #.#@####
#......#
#.####.#
#.####.#
#...##.#
#.#.##.#
#.#.##.#
#......# # .
###.#####.#..K.


You could see a scorpion.

Vanquished Creatures
  2 adders
2 creatures vanquished.

Notes
Turn   | Place    | Note
-------+----------+-------------------------------------------
     0 | D:5      | RancidPinata the Octopode Delver began the quest for the
                  | Orb.
     0 | D:5      | Reached XP level 1. HP: 16/16 MP: 1/1
     4 | D:6      | Reached XP level 2. HP: 21/21 MP: 2/2
   175 | D:6      | Noticed a sky beast
   241 | D:5      | Found a staircase to the Ecumenical Temple.
   260 | Temple   | Entered the Ecumenical Temple
   409 | D:5      | Noticed a phantom
   436 | D:5      | Noticed an ice beast
   482 | D:4      | Noticed a scorpion
   493 | D:4      | Noticed a scorpion
   499 | D:4      | Slain by a scorpion

Illustrated notes

Levels and vault maps discovered:
D:4:      layout_loops_corners, mainiacjoe_overflow_alcove_1,
          nicolae_vehumet_radiance, grunt_gozag_breadcrumbs, serial_shops,
          nicolae_shop_tiny_glass, nicolae_shop_tiny_statue_garden, shop,
          minmay_fractal_squares_5
D:5:      layout_loops_cross, nicolae_wu_jian_wuxing_cycle,
          nemelex_xobeh_ov_fountains_minmay, mainiacjoe_overflow_cross_hatched,
          lemuel_doored_altar, grunt_temple_overflow_open, temple_hall,
          nicolae_shop_gadgets
D:6:      layout_loops_corners, gammafunk_ghost_cemetery
D:7:      hangedman_cross_stitches, layout_loops_ring, serial_glass,
          glass_columns_b, glass_columns_a, serial_shops,
          nicolae_shop_statue_plus, shop, nicolae_shop_behind_doors,
          nicolae_shop_crystal, shop, small_statue_intersection
Temple:   hellmonk_temple_beads

Action                     || total
---------------------------++-------
  Melee: Short sword       ||     7
         Tentacles         ||     2
         Constrict         ||     1
   Stab: Sleeping          ||     2
 Armour: Skin              ||     1
